 Dungeon Sprint DCSS version 0.22.1-2-g9c5b331383 (webtiles) character file.

8818 Groucho the Imperceptible (level 11, -5/60 HPs)
             Began as a Felid Berserker on Dec 31, 2018.
             Was an Elder of Trog.
             Slain by a ghost moth (16 damage)
             ... called by a spriggan druid
             ... called by a spriggan druid
             ... in the Dungeon (Sprint IV: "Fedhas' Mad Dash").
             The game lasted 00:18:02 (7010 turns).

Groucho the Imperceptible (Felid Berserker)         Turns: 7010, Time: 00:18:02

Health: -5/60      AC:  3    Str: 13    XL:     11   Next: 14%
Magic:  0/18       EV: 35    Int: 10    God:    Trog [****..]
Gold:   12         SH:  0    Dex: 19    Spells: 10/10 levels left
                                        Lives:  0   Deaths: 3

rFire    . . .     SeeInvis +     - Unarmed
rCold    + . .     Gourm    .   (shield unavailable)
rNeg     . . .     Faith    .   (armour unavailable)
rPois    .         Spirit   .   (helmet unavailable)
rElec    .         Reflect  .   (cloak unavailable)
rCorr    .         Harm     .   (gloves unavailable)
MR       +....     NoTele   +   (boots unavailable)
Stlth    +++++++++.             h - amulet of invisibility {+Inv}
HPRegen  0.20/turn              (no ring)
MPRegen  0.16/turn              (no ring)

@: berserk cooldown, very slightly contaminated, slowed, slow
A: very small, no armour, no weapons or thrown items, stealth, claws 1, fangs 3,
see invisible, carnivore, speed 1, shaggy fur 3, slow metabolism 1, sharp paws
a: Berserk, Trog's Hand, Brothers in Arms, Renounce Religion, Evoke Invisibility


You were in the Dungeon.
You worshipped Trog.
Trog was greatly pleased with you.
You were very full.

You visited 1 branch You collected 463 gold pieces.
You spent 451 gold pieces at shops.

Inventory:

Jewellery
 a - an uncursed ring of positive energy {unknown}
 h - the amulet of invisibility (around neck) {+Inv}
   (You found it in the Dungeon)

   [amulet of nothing]

   It lets you turn invisible.
 i - an uncursed amulet of guardian spirit
 l - the amulet "Xituax" {Spirit MR- Str+2 Dex+3}
   (You found it in the Dungeon)

   [amulet of guardian spirit]

   It causes incoming damage to be split between your health and magic.
   It affects your strength (+2).
   It affects your dexterity (+3).
   It affects your resistance to hostile enchantments.
 n - the amulet of Activism {Faith rElec MP-9 Dex+6 Stlth-}
   (You found it in the Dungeon)

   [amulet of faith]

   It allows you to gain divine favour quickly.
   It affects your dexterity (+6).
   It insulates you from electricity.
   It affects your magic capacity (-9).
   It makes you less stealthy.
Wands
 g - a wand of paralysis (8)
Potions
 e - 2 potions of magic
 f - a potion of berserk rage
 m - a potion of flight
Comestibles
 k - a ration


   Skills:
 + Level 14.8 Fighting
 + Level 18.5 Dodging
 + Level 24.3 Stealth
 + Level 14.8 Unarmed Combat
 - Level 9.2 Evocations


You had 10 spell levels left.
You didn't know any spells.
Your spell library was empty.

Dungeon Overview and Level Annotations

Branches:
Dungeon (1/1)

Altars:
Cheibriados
Dithmenos
Elyvilon
Gozag
Hepliaklqana
Kikubaaqudgha
Makhleb
Nemelex Xobeh
Okawaru
Qazlal
Ru
Sif Muna
Trog
Uskayaw
Vehumet
Wu Jian
Xom
Yredelemnul
Zin
The Shining One
Beogh
Jiyva
Lugonu

Shops:
D }(}(:**[((**(=?([:**%


Innate Abilities, Weirdness & Mutations

You cannot wear armour.
You are incapable of wielding weapons or throwing items.
Your paws allow you to move quietly. (Stealth)
You have sharp claws.
You have razor-sharp teeth.
You have supernaturally acute eyesight. (SInv)
You are carnivorous and can eat meat at any time.
You cover ground quickly.
Your thick and shaggy fur keeps you warm. (AC +3, rC+)
You have a slow metabolism.
Your sharp claws are effective at attacking unaware monsters.


Message History

The ghost moth barely misses your ogre. The ghost moth hits your ogre!
The ghost moth stings your ogre.
Your ogre looks as sick as possible!
The ghost moth poisons your ogre! The ghost moth hits your ogre!
Your ogre dies!
Your ogre's corpse disappears in a puff of smoke!
The ghost moth stares at you. The ghost moth completely misses you.
The ghost moth misses you. x2
The ghost moth hits you. The ghost moth hits you!
* * * LOW HITPOINT WARNING * * *
The ghost moth misses you. The ghost moth stares at you.
The ghost moth completely misses you. x3
You closely miss the ghost moth.
You bite the ghost moth, but do no damage.
The ghost moth stares at you.
You feel your power leaking away. The ghost moth misses you.
The ghost moth hits you!
You die...

####
########################.#
.♣..♣..♣..♣..♣..♣..♣..#
......i......i.i...)†.#
i♣.i♣..♣..♣..♣..♣..♣..# ###
######################
....#####....######......####
...........................)♣#
...................#######..0#
.........)).y@.............)♣#
.....####....######......####
### ###### ########


You could see a ghost moth (invisible).

Vanquished Creatures
  2 spriggan defenders (D)
  2 spriggan berserkers (D)
  2 spriggan druids (D)
  22 oklob plants (D)
  2 moths of wrath (D)
  A demonic crawler (D)
  3 burning bushes (D)
  2 queen bees (D)
  3 wandering mushrooms (D)
  4 hornets (D)
  2 scorpions (D)
  4 killer bees (D)
  5 oklob saplings (D)
  2 worker ants (D)
  7 spriggans (D)
  A river rat (D)
  A rat (D)
  2 ballistomycetes (D)
  9 fungi (D)
76 creatures vanquished.

Vanquished Creatures (collateral kills)
  Agnes (D)
  A ghost moth (D)
  3 spriggan defenders (D)
  A spriggan berserker (D)
  An oklob plant (D)
  2 demonic crawlers (D)
  4 hornets (D)
  2 spriggans (D)
  A ballistomycete (D)
  A ballistomycete spore (D)
17 creatures vanquished.

Vanquished Creatures (others)
  A ballistomycete (D)
  A ballistomycete spore (D)
2 creatures vanquished.

Grand Total: 95 creatures vanquished

Notes
Turn   | Place    | Note
-------+----------+-------------------------------------------
     0 | D        | Groucho the Felid Berserker began the quest for the Orb.
     0 | D        | Reached XP level 1. HP: 10/10 MP: 2/2
    97 | D        | Reached skill level 5 in Stealth
    97 | D        | Reached XP level 2. HP: 14/14 MP: 3/3
   355 | D        | Noticed an oklob sapling
   356 | D        | Killed an oklob sapling
   356 | D        | Reached ** piety under Trog
   356 | D        | Reached skill level 9 in Stealth
   356 | D        | Reached XP level 3. HP: 17/17 MP: 4/4
   359 | D        | Found the amulet of invisibility {+Inv}
   360 | D        | Reached skill level 10 in Stealth
   386 | D        | Found an opulent altar of Gozag.
   386 | D        | Found a hazy altar of Hepliaklqana.
   386 | D        | Found a roughly hewn altar of Beogh.
   386 | D        | Found a snail-covered altar of Cheibriados.
   387 | D        | Found a viscous altar of Jiyva.
   387 | D        | Found a burning altar of Makhleb.
   387 | D        | Found a sparkling altar of Nemelex Xobeh.
   387 | D        | Found a sacrificial altar of Ru.
   387 | D        | Found a deep blue altar of Sif Muna.
   387 | D        | Found a bloodstained altar of Trog.
   387 | D        | Found an ornate altar of the Wu Jian Council.
   387 | D        | Found a shimmering altar of Xom.
   387 | D        | Found a basalt altar of Yredelemnul.
   387 | D        | Noticed an oklob sapling priest
   388 | D        | Found an iron altar of Okawaru.
   388 | D        | Found a shadowy altar of Dithmenos.
   388 | D        | Found a glowing silver altar of Zin.
   389 | D        | Found an ancient bone altar of Kikubaaqudgha.
   389 | D        | Found a hide-covered altar of Uskayaw.
   390 | D        | Found a stormy altar of Qazlal.
   390 | D        | Found a white marble altar of Elyvilon.
   390 | D        | Found a glowing golden altar of the Shining One.
   391 | D        | Found a corrupted altar of Lugonu.
   391 | D        | Found a radiant altar of Vehumet.
   394 | D        | Killed an oklob sapling priest
   394 | D        | Reached skill level 12 in Stealth
   394 | D        | Reached XP level 4. HP: 21/21 MP: 2/5
   497 | D        | Reached skill level 13 in Stealth
   497 | D        | Reached XP level 5. HP: 24/24 MP: 6/6
   536 | D        | Reached *** piety under Trog
   536 | D        | Reached skill level 14 in Stealth
   553 | D        | Slain by a scorpion
   554 | D        | Reached XP level 4. HP: -1/31 MP: 5/8
   554 | D        | Noticed an oklob plant
   554 | D        | Noticed an oklob plant shifter
   554 | D        | Noticed an oklob plant summoner
   559 | D        | Killed an oklob plant
   559 | D        | Reached skill level 17 in Stealth
   559 | D        | Reached XP level 5. HP: 24/24 MP: 7/12
   559 | D        | Gained mutation: You are covered in thick fur. (AC +2)
                  | [Felid growth]
   559 | D        | Reached XP level 6. HP: 28/28 MP: 7/13
   561 | D        | Killed an oklob plant summoner
   561 | D        | Reached **** piety under Trog
   561 | D        | Reached XP level 7. HP: 33/33 MP: 7/14
   564 | D        | Killed an oklob plant shifter
   564 | D        | Reached skill level 5 in Fighting
   564 | D        | Reached skill level 5 in Unarmed Combat
   564 | D        | Reached XP level 8. HP: 37/37 MP: 7/15
   815 | D        | Noticed a demonic crawler
   817 | D        | Killed a demonic crawler
   817 | D        | Reached skill level 18 in Stealth
   819 | D        | Noticed a spriggan rider
   820 | D        | Found Onyilu Nioni's Assorted Antiques.
   823 | D        | Reached ***** piety under Trog
   825 | D        | Found Siupn's Food Shoppe.
   828 | D        | Killed a spriggan rider
   828 | D        | Killed a hornet
   828 | D        | Reached skill level 10 in Dodging
   828 | D        | Reached skill level 19 in Stealth
   828 | D        | Reached XP level 9. HP: 44/44 MP: 14/16
  1510 | D        | Noticed Agnes
  1513 | D        | Noticed an oklob plant conjurer
  1515 | D        | Killed an oklob plant conjurer
  1521 | D        | Noticed a spriggan druid
  1524 | D        | Killed a spriggan druid
  1543 | D        | Noticed a wandering mushroom
  1543 | D        | Noticed an oklob plant
  1545 | D        | Noticed a burning bush
  1546 | D        | Killed a wandering mushroom
  1550 | D        | Killed an oklob plant
  1555 | D        | Killed a burning bush
  1555 | D        | Reached skill level 20 in Stealth
  1555 | D        | Reached XP level 10. HP: 49/49 MP: 15/17
  1573 | D        | Identified Noleob's Grimoire of Arcane Weapons
  1811 | D        | Reached ****** piety under Trog
  1813 | D        | Reached skill level 10 in Fighting
  1813 | D        | Reached skill level 10 in Unarmed Combat
  1948 | D        | Found Witiotaf's Magic Scroll Shop.
  1949 | D        | Found Cetwysergh's Jewellery Emporium.
  2606 | D        | Found Plog's Book Shoppe.
  2607 | D        | Found Weuhyho's Assorted Antiques.
  2610 | D        | Got a pitted garnet amulet
  3205 | D        | Identified the amulet "Xituax" {Spirit MR- Str+2 Dex+3}
                  | (You found it in the Dungeon)
  3762 | D        | Noticed an oklob plant
  3764 | D        | Killed an oklob plant
  3985 | D        | Killed Agnes
  3985 | D        | Reached skill level 21 in Stealth
  4232 | D        | Found Ucvom's Weapon Emporium.
  4232 | D        | Noticed a spriggan berserker
  4236 | D        | Killed a spriggan berserker
  4239 | D        | Found Koucvu's Antique Armour Shoppe.
  4242 | D        | Noticed a spriggan defender
  4254 | D        | Killed a spriggan defender
  4621 | D        | Noticed a spriggan rider
  4623 | D        | Killed a spriggan rider
  4623 | D        | Reached XP level 11. HP: 57/57 MP: 18/18
  4642 | D        | Noticed a ghost moth
  4652 | D        | Killed a ghost moth
  4652 | D        | Reached skill level 15 in Dodging
  4671 | D        | Found Xuasted's Gadget Emporium.
  4671 | D        | Found Ischeside's Weapon Boutique.
  4671 | D        | Found Doekluo's Gadget Shoppe.
  4778 | D        | Bought a wand of paralysis (8) for 140 gold pieces
  4787 | D        | Noticed an oklob plant meteorologist
  4789 | D        | Noticed an oklob plant shifter
  4793 | D        | Killed an oklob plant meteorologist
  4801 | D        | Killed an oklob plant shifter
  4801 | D        | Reached skill level 22 in Stealth
  4812 | D        | Noticed a spriggan rider
  4987 | D        | Noticed an oklob plant summoner
  4989 | D        | Found Siececesk's Assorted Antiques.
  4990 | D        | Found Zeufioqu's Antique Weapon Shop.
  4995 | D        | Killed an oklob plant summoner
  5179 | D        | Noticed an oklob plant annihilator
  5183 | D        | Noticed an oklob plant demonologist
  5183 | D        | Noticed a spriggan berserker
  5187 | D        | Noticed a death yak
  5192 | D        | Killed a spriggan berserker
  5194 | D        | Killed an oklob plant demonologist
  5195 | D        | Killed an oklob plant annihilator
  5284 | D        | Bought a ration for 50 gold pieces
  5284 | D        | Bought a ration for 50 gold pieces
  5284 | D        | Bought a ration for 50 gold pieces
  5284 | D        | Bought a ration for 50 gold pieces
  5284 | D        | Bought a ration for 50 gold pieces
  5340 | D        | Found Ungeelei's Book Shoppe.
  5340 | D        | Found Toadeel's Assorted Antiques.
  5340 | D        | Found Dieczeun's Armour Emporium.
  5341 | D        | Found Jopn's Weapon Emporium.
  5341 | D        | Found Enkil's Weapon Shop.
  5341 | D        | Found Ikuryaplamn's General Store.
  5341 | D        | Found Ymerreull's Assorted Antiques.
  5341 | D        | Found Esoydaf's Weapon Boutique.
  5356 | D        | Bought a potion of flight for 39 gold pieces
  5363 | D        | Noticed an oklob plant
  5363 | D        | Noticed an oklob plant
  5363 | D        | Noticed an oklob plant
  5591 | D        | Noticed an oklob plant
  5591 | D        | Noticed an oklob plant
  5591 | D        | Noticed an oklob plant
  5591 | D        | Noticed an oklob plant
  5592 | D        | Killed an oklob plant
  5593 | D        | Noticed an oklob plant
  5594 | D        | Killed an oklob plant
  5595 | D        | Noticed an oklob plant
  5596 | D        | Killed an oklob plant
  5597 | D        | Noticed an oklob plant
  5598 | D        | Killed an oklob plant
  5599 | D        | Noticed an oklob plant
  5600 | D        | Noticed an oklob plant
  5601 | D        | Killed an oklob plant
  5603 | D        | Killed an oklob plant
  5605 | D        | Killed an oklob plant
  5607 | D        | Killed an oklob plant
  5607 | D        | Reached skill level 23 in Stealth
  5609 | D        | Killed an oklob plant
  5611 | D        | Killed an oklob plant
  5611 | D        | Gained mutation: Your thick and shaggy fur keeps you warm.
                  | (AC +3, rC+) [Felid growth]
  5611 | D        | Reached XP level 12. HP: 63/63 MP: 19/19
  6032 | D        | Got a flickering steel amulet
  6148 | D        | Bought a scroll of identify for 22 gold pieces
  6148 | D        | Identified the amulet of Activism {Faith rElec MP-9 Dex+6
                  | Stlth-} (You found it in the Dungeon)
  6277 | D        | Noticed a spriggan defender
  6277 | D        | Noticed a spriggan defender
  6291 | D        | Killed a spriggan defender
  6310 | D        | Mangled by a spriggan defender
  6311 | D        | Reached XP level 11. HP: -12/59 MP: 18/18
  6318 | D        | HP: 4/88 [spriggan defender/+6 lajatang of speed (8)]
  6323 | D        | Killed a spriggan defender
  6324 | D        | Noticed a spriggan druid
  6384 | D        | Killed a spriggan druid
  6910 | D        | Noticed a spriggan druid
  6911 | D        | Noticed a spriggan berserker
  6914 | D        | Noticed a spriggan berserker
  6924 | D        | HP: 1/60 [spriggan druid/angry trees (15)]
  6927 | D        | Killed from afar by a spriggan druid
  6928 | D        | Reached XP level 10. HP: -10/56 MP: 17/17
  6928 | D        | Noticed a spriggan defender
  6932 | D        | Noticed a spriggan defender
  6935 | D        | Killed a spriggan defender
  6937 | D        | Killed a spriggan defender
  6937 | D        | Reached skill level 24 in Stealth
  6964 | D        | Noticed a spriggan berserker
  6967 | D        | Noticed a ghost moth
  6971 | D        | Killed a spriggan berserker
  6971 | D        | Reached XP level 11. HP: 60/60 MP: 18/18
  6974 | D        | Noticed a spriggan rider
  6988 | D        | Killed a spriggan rider
  7010 | D        | Slain by a ghost moth

Skill      XL: |  1  2  3  4  5  6  7  8  9 10 11 |
---------------+----------------------------------+-----
Stealth        | 5 9 12 17 14 19 20 24 23 | 24.3
Evocations     | 9 4 |  9.2
Fighting       | 4 5 8 9 11 14 | 14.8
Dodging        | 6 7 10 12 18 17 | 18.5
Unarmed Combat | 4 5 8 9 11 14 | 14.8

Action                   |  1- 3 |  4- 6 |  7- 9 | 10-12 || total
-------------------------+-------+-------+-------+-------++-------
Melee: Unarmed           |    88 |    16 |    25 |    96 ||   225
       Bite              |    15 |       |     2 |     9 ||    26
       Punch             |       |     1 |     1 |       ||     2
Invok: Berserk           |     1 |     1 |       |     5 ||     7
       Trog's Hand       |       |     1 |       |     4 ||     5
       Brothers in Arms  |       |       |     1 |    19 ||    20
 Abil: Evoke Invisibilit |     1 |     2 |     4 |     8 ||    15
  Use: Scroll            |       |       |       |     3 ||     3
       Potion            |       |       |       |     5 ||     5
 Stab: Sleeping          |     3 |     4 |    11 |    29 ||    47
       Invisible         |       |     1 |       |     6 ||     7
       Distracted        |       |       |       |     1 ||     1
  Eat: Chunk             |     3 |       |     3 |    10 ||    16
       Ration            |       |       |       |    10 ||    10
Dodge: Dodged            |     1 |     6 |       |    76 ||    83
